 Dungeon Crawl Stone Soup version 0.29-a0-275-g389c0b56f3 (webtiles) character file.

Game seed: 1529988058059205060

6357 Majang the Covert (level 11, 0/68 HPs)
             Began as a Kobold Delver on Mar 9, 2022.
             Was a Believer of Dithmenos.
             Slain by Gastronok (28 damage)
             ... on level 10 of the Dungeon.
             The game lasted 01:00:31 (9802 turns).

Majang the Covert (Kobold Delver)                   Turns: 9802, Time: 01:00:32

Health: 0/68       AC: 12    Str: 10    XL:     11   Next: 17%
Magic:  14/14      EV: 19    Int: 12    God:    Dithmenos [**....]
Gold:   74         SH:  0    Dex: 20    Spells: 10/10 levels left

rFire   . . .      SeeInvis .   a - +2 dagger (elec)
rCold   . . .      Faith    .   (no shield)
rNeg    . . .      Spirit   .   y - +2 robe {Will+}
rPois   .          Reflect  .   m - +0 helmet
rElec   .          Harm     .   t - +0 cloak
rCorr   .          Rampage  .   u - +0 pair of gloves
Will    +....                   L - +0 pair of boots
Stlth   ++++++++..              n - amulet of regeneration
HPRegen 1.01/turn               w - +4 ring of protection
MPRegen 0.14/turn               (no ring)

@: wreathed by umbra
A: small, no large weapons, nightstalker 3
a: Renounce Religion, Shadow Step


You were on level 10 of the Dungeon.
You worshipped Dithmenos.
Dithmenos was pleased with you.
You visited 2 branches of the dungeon, and saw 11 of its levels.

You collected 384 gold pieces.
You spent 310 gold pieces at shops.

Inventory:

Hand Weapons
 a - a +2 dagger of electrocution (weapon)
 b - a +1 dagger of speed
 k - a +0 long sword
 v - a +3 short sword of draining
 B - a +0 dagger of holy wrath
 E - a +0 vampiric falchion
 M - a +1 dagger of flaming
Armour
 m - a +0 helmet (worn)
 p - a +2 leather armour of positive energy
 q - a +1 robe of resistance
 t - a +0 cloak (worn)
 u - a +0 pair of gloves (worn)
 y - a +2 robe of willpower (worn)
 G - +1 swamp dragon scales
 L - a +0 pair of boots (worn)
Jewellery
 n - an amulet of regeneration (around neck)
 r - an amulet of reflection
 w - a +4 ring of protection (left hand)
Wands
 g - a wand of digging (3)
 l - a wand of flame (45)
 F - a wand of mindburst (12)
 K - a wand of acid (7)
Scrolls
 c - a scroll of fog
 d - 4 scrolls of magic mapping
 e - a scroll of fear
 h - a scroll of identify
 j - 3 scrolls of teleportation
 x - 2 scrolls of enchant weapon
 D - a scroll of silence
 H - a scroll of blinking
 J - a scroll of holy word
Potions
 f - a potion of brilliance
 i - a potion of cancellation
 o - 3 potions of mutation
 s - 6 potions of curing
 z - 2 potions of invisibility
 A - a potion of flight
 C - a potion of haste
 I - a potion of lignification


   Skills:
 + Level 7.7 Fighting
 - Level 10.1(11.0) Short Blades
 * Level 4.1(5.9) Long Blades
 + Level 3.2 Armour
 + Level 7.2 Dodging
 + Level 10.6 Stealth
 + Level 5.1 Invocations
 + Level 6.7 Evocations


You had 10 spell levels left.
You didn't know any spells.
Your spell library contained the following spells:

 Spells                   Type           Power      Damage    Failure   Level
 Pain                     Necr           0%         1d4       32%         1
 Call Canine Familiar     Summ           0%         N/A       69%         3
 Frozen Ramparts          Ice            0%         1d2       69%         3
 Portal Projectile        Hex/Tloc       0%         N/A       69%         3
 Tukima's Dance           Hex            0%         N/A       69%         3
 Anguish                  Hex/Necr       0%         N/A       97%         4
 Ice Form                 Ice/Tmut       0%         N/A       97%         4
 Leda's Liquefaction      Hex/Erth       0%         N/A       97%         4
 Summon Ice Beast         Ice/Summ       0%         N/A       97%         4
 Agony                    Necr           0%         N/A       100%        5
 Excruciating Wounds      Necr           0%         N/A       100%        5
 Enfeeble                 Hex            0%         N/A       100%        7


Dungeon Overview and Level Annotations

Branches:
Dungeon (10/15)            Temple (1/1) D:7
   Lair: D:8-11         Orc: D:9-12

Altars:
Ashenzari
Cheibriados
Dithmenos
Elyvilon
Fedhas
Gozag
Hepliaklqana
Kikubaaqudgha
Makhleb
Nemelex Xobeh
Okawaru
Qazlal
Ru
Trog
Uskayaw
Vehumet
Wu Jian
Xom
Yredelemnul
Zin
The Shining One

Shops:
D:6 [:   D:7 ?   D:9 *

Annotations:
D:4 3 runed translucent doors, iamserjio's ghost, weakling OpTm
D:9 1 runed translucent door, alf2's ghost, novice MiBe
D:10 Gastronok


Innate Abilities, Weirdness & Mutations

You are small and have problems with some larger weapons.
You are completely attuned to the shadows.


Message History

You hit Gastronok. Lightning courses through Gastronok!
Gastronok is moderately wounded.
You hit Gastronok.
Gastronok is moderately wounded.
You hit Gastronok.
Gastronok is moderately wounded.
You hit Gastronok.
Gastronok is moderately wounded.
Gastronok bites you but does no damage.
You hit Gastronok.
Gastronok is moderately wounded.
You hit Gastronok. Lightning courses through Gastronok!
Gastronok is moderately wounded.
You hit Gastronok.
Gastronok is heavily wounded.
You hit Gastronok.
Gastronok is heavily wounded.
Gastronok bites you!
You hit Gastronok but do no damage.
Gastronok is heavily wounded.
You hit Gastronok.
Gastronok is heavily wounded.
You hit Gastronok but do no damage.
Gastronok is heavily wounded.
You hit Gastronok.
Gastronok is heavily wounded.
You hit Gastronok. Lightning courses through Gastronok!
Gastronok is heavily wounded.
Gastronok bites you!!
You puncture Gastronok!
Gastronok is severely wounded.
You hit Gastronok but do no damage.
Gastronok is severely wounded.
You hit Gastronok.
Gastronok is severely wounded.
The orc priest begins to cast a cantrip, but forgets the words!
You puncture Gastronok!
Gastronok is severely wounded.
Gastronok bites you!!
You die...

...... #
....# .
#.#.#.# ..
#.#.#.##...
#..#).@wo#
##.#.##.#
#....# #
#..### #..#
#..# #..#
#..# #..#


You could see Gastronok and an orc priest.

Vanquished Creatures
  A two-headed ogre (D:10)
  Maggie (D:6)
  2 hornets
  Sigmund (D:2)
  A wraith (D:10)
  12 yaks (D:9)
  Edmund (D:5)
  A water moccasin (D:9)
  2 sky beasts
  2 orc warriors
  An ice beast (D:5)
  An ogre (D:5)
  4 centaurs
  A phantom (D:5)
  4 kobold brigands
  A necrophage (D:6)
  2 bullfrogs
  3 scorpions
  6 howler monkeys (D:8)
  An electric eel (D:9)
  3 hounds
  A jelly (D:6)
  2 orc priests
  A gnoll shaman (D:3)
  Jessica (D:3)
  Ijyb (D:4)
  Natasha (thrice) (D:2)
  5 iguanas
  8 orc wizards
  Robin (D:4)
  11 gnolls
  12 adders
  A shadow imp (D:6)
  4 white imps
  4 dart slugs
  28 orcs
  An endoplasm (D:4)
  4 giant cockroaches
  14 goblins
  11 hobgoblins
  25 kobolds
  A quokka (D:2)
  3 ball pythons
  6 bats
  2 frilled lizards (D:3)
  5 rats
206 creatures vanquished.

Vanquished Creatures (others)
  9 fungi (D:4)
  5 plants
14 creatures vanquished.

Grand Total: 220 creatures vanquished

Notes
Turn   | Place    | Note
-------+----------+-------------------------------------------
     0 | D:5      | Majang the Kobold Delver began the quest for the Orb.
     0 | D:5      | Reached XP level 1. HP: 14/14 MP: 1/1
    41 | D:5      | Noticed an iguana
    45 | D:5      | Killed an iguana
    46 | D:5      | Reached XP level 2. HP: 20/20 MP: 2/2
    46 | D:5      | Reached XP level 3. HP: 24/24 MP: 3/3
   169 | D:4      | Found a runed translucent gate.
   169 | D:4      | Found a runed translucent gate.
   169 | D:4      | Found a runed translucent gate.
   170 | D:4      | Noticed iamserjio's ghost (weakling OpTm)
   305 | D:4      | Noticed Ijyb
   309 | D:4      | Killed Ijyb
   310 | D:4      | Reached XP level 4. HP: 29/29 MP: 4/4
   310 | D:4      | Noticed Robin
   337 | D:4      | Reached skill level 5 in Short Blades
   348 | D:4      | Killed Robin
   804 | D:3      | Reached XP level 5. HP: 22/33 MP: 5/5
   956 | D:3      | Reached skill level 1 in Evocations
  1156 | D:3      | Reached XP level 6. HP: 18/39 MP: 6/6
  1845 | D:1      | Found a faded altar of an unknown god.
  2969 | D:2      | You fall into a shaft and drop 2 floors!
  3249 | D:2      | Noticed Natasha
  3259 | D:2      | Killed Natasha
  3390 | D:2      | Noticed Sigmund
  3394 | D:2      | Killed Sigmund
  3395 | D:2      | Reached skill level 5 in Fighting
  3395 | D:2      | Reached XP level 7. HP: 44/44 MP: 7/7
  3553 | D:2      | Noticed Natasha
  3559 | D:2      | Killed Natasha
  3595 | D:2      | Noticed Natasha
  3611 | D:2      | Killed Natasha
  3704 | D:3      | Noticed Jessica
  3709 | D:3      | Killed Jessica
  5052 | D:4      | Reached XP level 8. HP: 49/49 MP: 8/8
  5497 | D:5      | Found a hide-covered altar of Uskayaw.
  5497 | D:5      | Found a shadowy altar of Dithmenos.
  5501 | D:5      | Became a worshipper of Dithmenos the Shadowed
  5740 | D:5      | Reached skill level 1 in Invocations
  5942 | D:5      | Noticed Edmund
  5946 | D:5      | Killed Edmund
  6053 | D:5      | Found a snail-covered altar of Cheibriados.
  6367 | D:6      | Found Tabegeq's Armour Shoppe.
  6397 | D:6      | Noticed Maggie
  6398 | D:6      | Found Giapotopt's Book Shoppe.
  6401 | D:6      | Killed Maggie
  6402 | D:6      | Reached skill level 5 in Dodging
  6402 | D:6      | Reached XP level 9. HP: 55/55 MP: 10/10
  6738 | D:6      | Noticed a hornet
  6751 | D:6      | Killed a hornet
  6752 | D:6      | Reached skill level 1 in Armour
  6832 | D:6      | Reached * piety under Dithmenos
  7021 | D:7      | Noticed a hornet
  7029 | D:7      | Killed a hornet
  7030 | D:7      | Reached skill level 10 in Short Blades
  7030 | D:7      | Reached skill level 5 in Evocations
  7324 | D:7      | Found a staircase to the Ecumenical Temple.
  7332 | Temple   | Entered the Ecumenical Temple
  7771 | D:7      | Found Reykiargh's Magic Scroll Shoppe.
  7776 | D:7      | Bought a scroll of identify for 30 gold pieces
  7776 | D:7      | Bought a scroll of identify for 30 gold pieces
  7776 | D:7      | Bought a scroll of identify for 30 gold pieces
  7776 | D:7      | Bought a scroll of identify for 30 gold pieces
  7776 | D:7      | Bought a scroll of identify for 30 gold pieces
  7776 | D:7      | Bought a scroll of identify for 30 gold pieces
  8141 | D:8      | Reached XP level 10. HP: 61/61 MP: 12/12
  8273 | D:8      | Reached skill level 1 in Long Blades
  8800 | D:9      | Found Ypoixtut's Assorted Antiques.
  8803 | D:9      | Bought a pair of boots for 130 gold pieces
  8936 | D:9      | Reached ** piety under Dithmenos
  9006 | D:9      | Reached skill level 10 in Stealth
  9288 | D:9      | Reached XP level 11. HP: 67/67 MP: 14/14
  9592 | D:9      | Found a runed translucent door.
  9594 | D:9      | Noticed alf2's ghost (novice MiBe)
  9601 | D:9      | Identified the +2 trident of Rouxio {vorpal, rF+ rN+ Dex+3}
  9651 | D:10     | Entered Level 10 of the Dungeon
  9693 | D:10     | Noticed a two-headed ogre
  9700 | D:10     | Killed a two-headed ogre
  9701 | D:10     | Reached skill level 5 in Invocations
  9779 | D:10     | Noticed Gastronok
  9802 | D:10     | Slain by Gastronok

Illustrated notes

Levels and vault maps discovered:
D:1:      dpeg_arrival_line_fractal, layout_basic,
          dreamdust_ecumenical_altar_hidden_monk_grotto, minmay_misc_feat_room,
          chequers_garden, st_stairs_6
D:2:      layout_basic, uniq_natasha, uniq_sigmund
D:3:      layout_rooms, grunt_ministairs_11, kennysheep_flooded_box,
          minmay_misc_feat_five, uniq_jessica
D:4:      layout_loops_ring, serial_aquarium, aquarium_bridge_square
          [aquarium_subvault_wall, aquarium_subvault_bridge,
          aquarium_subvault_bridge, aquarium_subvault_bridge],
          aquarium_bridge_long_joined [aquarium_subvault_wall,
          aquarium_subvault_bridge, aquarium_subvault_bridge,
          aquarium_subvault_wall, aquarium_subvault_window,
          aquarium_subvault_balcony], aquarium_window_corner,
          aquarium_window_corridor_2, aquarium_window_fake, aquarium_view_2f,
          aquarium_view_2b, ebering_ghost_rock_garden,
          chequers_serial_rivers_micro_c, hangedman_decor_riveting, uniq_robin,
          uniq_ijyb
D:5:      layout_basic, gammafunk_temple_overflow_wave,
          mainiacjoe_overflow_alcove_4, uniq_edmund
D:6:      layout_cave_pools, serial_shops, shop, minmay_misc_feat_tower,
          nicolae_stop_n_shop_1, minmay_starry_boxes, uniq_maggie
D:7:      layout_gridville, minmay_temple_entry_overgrown, serial_shops,
          nicolae_shop_stone, dk_noncrumbling_4, minivault_14
D:8:      layout_basic
D:9:      layout_loops_ring, ebering_ghost_funeral_grove, nicolae_water_bricks,
          nicolae_stop_n_shop_1
D:10:     layout_loops_ring, nicolae_sif_muna_condensation, uniq_gastronok,
          uniq_josephine
Temple:   regret_index_temple_mists

Skill      XL: |  1  2  3  4  5  6  7  8  9 10 11 |
---------------+----------------------------------+-----
Short Blades   | 4 5 7 9 10 | 10.1
Fighting       | 4 5 6 7 |  7.7
Evocations     | 1 2 3 4 5 6 |  6.7
Dodging        | 3 4 5 6 7 |  7.2
Stealth        | 7 8 9 10 | 10.6
Invocations    | 2 3 4 5 |  5.1
Armour         | 1 3 |  3.2
Long Blades    | 3 4 |  4.1

Action                   |  1- 3 |  4- 6 |  7- 9 | 10-12 || total
-------------------------+-------+-------+-------+-------++-------
Melee: Short sword       |     4 |   122 |   171 |   219 ||   516
       Punch             |       |     1 |     6 |     5 ||    12
       Dagger            |       |    27 |   140 |    64 ||   231
Evoke: Wand              |       |       |     8 |     2 ||    10
  Use: Potion            |       |     2 |       |       ||     2
       Scroll            |       |       |    11 |     3 ||    14
 Stab: Sleeping          |     4 |    36 |    24 |    11 ||    75
       Distracted        |       |     1 |     3 |     1 ||     5
       Paralysed         |       |       |     2 |       ||     2
Armor: Leather armour    |       |     6 |       |       ||     6
       Robe              |       |     7 |    49 |    22 ||    78
Dodge: Dodged            |       |    54 |   147 |    88 ||   289
Block: Other             |       |     8 |    42 |       ||    50

Table legend: (Time is in decaauts)
 A = Elapsed time spent in this place.
 B = Non-inter-level travel time spent in this place.
 C = Inter-level travel time spent in this place.
 D = Time resting spent in this place.
 E = Time spent auto-exploring this place.
 F = Levels seen in this place.
 G = Mean time per level.
                   A        B        C        D        E       F      G
               +--------+--------+--------+--------+--------+-----+--------+
         Total |   9599 |   8749 |    850 |   1384 |    593 |  11 |  872.6 |
       Dungeon |   9329 |   8479 |    850 |   1384 |    593 |  10 |  932.9 |
        Temple |    269 |    269 |      0 |      0 |      0 |   1 |  269.0 |
               +--------+--------+--------+--------+--------+-----+--------+

Top non-repeatable levels by time:
     D:4: 1701 daAuts
     D:3: 1261 daAuts
     D:2: 1176 daAuts
     D:5: 1110 daAuts
     D:1: 991 daAuts
     D:6: 801 daAuts
     D:9: 770 daAuts
     D:7: 739 daAuts
     D:8: 649 daAuts
  Temple: 269 daAuts
    D:10: 128 daAuts
